 Dungeon Crawl Stone Soup version 0.30.1-3-gfc49f6343a (webtiles) character file.

Game seed: 17595733495697676989

437 booth the Grave Robber (level 6, -16/40 HPs)
             Began as a Demonspawn Necromancer on Aug 1, 2023.
             Demolished by an ogre
             ... wielding a +0 giant club
              (24 damage)
             ... on level 5 of the Dungeon.
             The game lasted 00:29:38 (3648 turns).

booth the Grave Robber (Demonspawn Necromancer)     Turns: 3648, Time: 00:29:38

Health: -16/40     AC:  9    Str: 11    XL:     6   Next: 69%
Magic:  5/12       EV: 12    Int: 16    God:
Gold:   238        SH:  4    Dex: 13    Spells: 0/13 levels left

rFire   + + .        m - +2 hand axe (vamp)
rCold   + + .        (no shield)
rNeg    . . .        x - +2 animal skin of the Shore {rF++ Will++}
rPois   .            (helmet restricted)
rElec   .            (no cloak)
rCorr   .            (no gloves)
SInv    .            i - +2 pair of boots
Will    ++...        (no amulet)
Stlth   ++           (no ring)
HPRegen 0.26/turn    (no ring)
MPRegen 0.13/turn

%: no passive effects
@: no status effects
A: antennae 2, slimy green scales 1, foul stench 1, condensation shield, cold
resistance 2, frail 1
a: no special abilities


You were on level 5 of the Dungeon.
You visited 1 branch of the dungeon, and saw 5 of its levels.

You collected 238 gold pieces.

Inventory:

Hand Weapons
 f - a +0 short sword
 h - a +0 dagger
 k - a +0 mace
 m - a +2 vampiric hand axe (weapon)
Missiles
 c - 3 poisoned darts (quivered)
 d - 6 boomerangs
 r - 5 javelins
Armour
 a - a +1 robe
 g - a +0 leather armour
 i - a +2 pair of boots (worn)
 x - the +2 animal skin of the Shore (worn) {rF++ Will++}
   (You found it on level 4 of the Dungeon)

   rF:        It greatly protects you from fire.
   Will:      It greatly increases your willpower.
Jewellery
 j - an amulet of the acrobat
 n - a ring of wizardry
 o - an amulet of guardian spirit
Scrolls
 l - a scroll of butterflies
 q - a scroll of amnesia
 s - a scroll of fog {unknown}
 t - a scroll of teleportation {unknown}
 u - a scroll of vulnerability {unknown}
 w - a scroll of enchant weapon {unknown}
Potions
 b - a potion of magic
 p - a potion of brilliance
 v - a potion of cancellation {unknown}


   Skills:
 + Level 2.3 Fighting
 + Level 1.5 Axes
 - Level 3.0 Dodging
 - Level 3.1 Stealth
 * Level 4.0 Spellcasting
 * Level 5.3 Necromancy


You couldn't memorise any spells.
You knew the following spells:

 Your Spells              Type           Power      Damage    Failure   Level
a - Necrotise             Necr           80%        1d8       1%          1
b - Vampiric Draining     Necr           20%        2d7       5%          3
c - Animate Dead          Necr           20%        N/A       19%         4
d - Agony                 Necr           20%        N/A       45%         5

Your spell library contained the following spells:

 Spells                   Type           Power      Damage    Failure   Level


Dungeon Overview and Level Annotations

Branches:
Dungeon (5/15)
 Temple: D:4-7

Altars:
Fedhas
Okawaru
Qazlal
Sif Muna
Trog
Wu Jian
Xom
Yredelemnul


Innate Abilities, Weirdness & Mutations

You have a pair of antennae on your head.
You are partially covered in slimy green scales. (AC +2)
You may rarely emit foul miasma when damaged in melee.
A meltable shield of frost defends you. (SH +4)
Your flesh is very cold resistant. (rC++)
You are frail. (-10% HP)


Message History

Casting: Necrotise (safe; 1% risk of failure)
Confirm with . or Enter, or press ? or * to list all spells.
Aiming: Necrotise (safe; 1% risk of failure)
Press: ? - help, Shift-Dir - straight line, f/p - ogre
Aim: an ogre, wielding a +0 giant club (heavily wounded, chance to affect: 78%)
The ogre barely resists.
The ogre hits you with a +0 giant club!
* * * LOW HITPOINT WARNING * * *
You feel better.
Casting: Necrotise (safe; 1% risk of failure)
Confirm with . or Enter, or press ? or * to list all spells.
Aiming: Vampiric Draining (dangerous; 5% risk of failure)
Press: ? - help, Shift-Dir - straight line, f/p - ogre
Aim: an ogre, wielding a +0 giant club (heavily wounded)
You draw life force from the ogre.
You feel life coursing into your body. The ogre closely misses you.
You hit the ogre.
You feel better.
The ogre is severely wounded.
The ogre hits you with a +0 giant club!
* * * LOW HITPOINT WARNING * * *
Casting: Vampiric Draining (dangerous; 5% risk of failure)
Confirm with . or Enter, or press ? or * to list all spells.
Aiming: Necrotise (safe; 1% risk of failure)
Press: ? - help, Shift-Dir - straight line, f/p - ogre
Aim: an ogre, wielding a +0 giant club (severely wounded, chance to affect: 78%)
The ogre writhes in agony.
Casting: Necrotise (safe; 1% risk of failure)
Confirm with . or Enter, or press ? or * to list all spells.
Aiming: Necrotise (safe; 1% risk of failure)
Press: ? - help, Shift-Dir - straight line, f/p - ogre
Aim: an ogre, wielding a +0 giant club (almost dead, chance to affect: 78%)
The ogre barely resists.
The ogre barely misses you.
Casting: Necrotise (safe; 1% risk of failure)
Confirm with . or Enter, or press ? or * to list all spells.
Aiming: Necrotise (safe; 1% risk of failure)
Press: ? - help, Shift-Dir - straight line, f/p - ogre
Aim: an ogre, wielding a +0 giant club (almost dead, chance to affect: 78%)
The ogre writhes in agony.
The ogre hits you with a +0 giant club!!
Ouch! That really hurt!
You die...

#.#.....#
#.#..#..#
#.......##
#....#...#
....!.#.###.#
####..... #.#
#.###. #.# #o
.##O# #
.##@####
.##....#
####.# #<...#
######


You could see an ogre.

Vanquished Creatures
  An ogre (D:4)
  A centaur (D:4)
  A bullfrog (D:4)
  A hound (D:4)
  An orc priest (D:3)
  An iguana (D:4)
  3 adders (D:2)
  An ufetubus (D:4)
  3 worms
  A dart slug (D:1)
  8 orcs
  5 endoplasms
  A giant cockroach (D:2)
  9 goblins
  10 hobgoblins
  4 jackals
  5 kobolds
  A quokka (D:1)
  3 ball pythons
  4 bats
  7 frilled lizards
  A rat (D:2)
72 creatures vanquished.

Vanquished Creatures (collateral kills)
  An orc (D:4)
  An endoplasm (D:1)
  A giant cockroach (D:1)
  A hobgoblin (D:1)
  A frilled lizard (D:2)
  2 rats
7 creatures vanquished.

Grand Total: 79 creatures vanquished

Notes
Turn   | Place    | Note
-------+----------+-------------------------------------------
     0 | D:1      | booth the Demonspawn Necromancer began the quest for the
                  | Orb.
     0 | D:1      | Reached XP level 1. HP: 13/13 MP: 3/3
   110 | D:1      | Gained mutation: You have a pair of small antennae on your
                  | head. [demonic ancestry]
   110 | D:1      | Reached XP level 2. HP: 19/19 MP: 3/5
   683 | D:1      | Gained mutation: You may rarely emit foul miasma when
                  | damaged in melee. [demonic ancestry]
   683 | D:1      | Reached XP level 3. HP: 23/25 MP: 6/6
  1128 | D:2      | Gained mutation: You are frail. (-10% HP) [potion of
                  | mutation]
  1128 | D:2      | Gained mutation: Your flesh is cold resistant. (rC+)
                  | [potion of mutation]
  1128 | D:2      | Gained mutation: Your flesh is very cold resistant. (rC++)
                  | [potion of mutation]
  1217 | D:2      | Learned a level 3 spell: Vampiric Draining
  1291 | D:2      | Reached skill level 1 in Fighting
  1291 | D:2      | Gained mutation: A meltable shield of frost defends you.
                  | (SH +4) [demonic ancestry]
  1291 | D:2      | Reached XP level 4. HP: 28/28 MP: 4/8
  1617 | D:3      | Found a faded altar of an unknown god.
  1739 | D:3      | Found an ornate altar of the Wu Jian Council.
  1909 | D:3      | Learned a level 4 spell: Animate Dead
  2501 | D:4      | Found an iron altar of Okawaru.
  2501 | D:4      | Found a blossoming altar of Fedhas.
  2550 | D:4      | Gained mutation: You have a pair of antennae on your head.
                  | [demonic ancestry]
  2550 | D:4      | Reached XP level 5. HP: 25/33 MP: 9/9
  2823 | D:4      | Found a shimmering blue altar of Sif Muna.
  2842 | D:4      | Found a bloodstained altar of Trog.
  2868 | D:4      | Found a shimmering altar of Xom.
  2871 | D:4      | Found a stormy altar of Qazlal.
  2907 | D:4      | Noticed a centaur
  2934 | D:4      | Killed a centaur
  2935 | D:4      | Reached skill level 1 in Axes
  2935 | D:4      | Reached skill level 5 in Necromancy
  3011 | D:4      | Found a basalt altar of Yredelemnul.
  3016 | D:4      | Noticed an ogre
  3033 | D:4      | Killed an ogre
  3034 | D:4      | Gained mutation: You are partially covered in slimy green
                  | scales. (AC +2) [demonic ancestry]
  3034 | D:4      | Reached XP level 6. HP: 15/39 MP: 6/11
  3371 | D:4      | Identified the +2 animal skin of the Shore {rF++ Will++}
  3582 | D:4      | Learned a level 5 spell: Agony
  3598 | D:5      | Entered Level 5 of the Dungeon
  3648 | D:5      | Demolished by an ogre

Illustrated notes

Levels and vault maps discovered:
D:1:      dpeg_arrival_stonehenge_8_columns, layout_basic
D:2:      layout_basic
D:3:      wad_lake_hut, layout_rooms, nicolae_wu_jian_immortal_techniques,
          shapermc_ecumenical_altar_ellora
D:4:      layout_basic, kennysheep_mini_moat, nicolae_overflow_hidden_temple,
          chequers_temple_overflow_statue_of_worship, bloody_trog,
          kennysheep_doodads
D:5:      layout_basic, kennysheep_nondescript

Skill      XL: |  1  2  3  4  5  6 |
---------------+-------------------+-----
Stealth        | 2 3 |  3.1
Dodging        | 2 3 |  3.0
Fighting       | 1 2 |  2.3
Spellcasting   | 3 4 |  4.0
Axes           | 1 |  1.5
Necromancy     | 5 |  5.3

Action                     |  1- 3 |  4- 6 || total
---------------------------+-------+-------++-------
  Melee: Unarmed           |    12 |       ||    12
         Short sword       |    51 |       ||    51
         Punch             |     1 |     1 ||     2
         Hand axe          |       |    74 ||    74
  Throw: Dart              |       |     3 ||     3
   Cast: Necrotise         |    65 |    68 ||   133
         Vampiric Draining |       |     2 ||     2
    Use: Potion            |     6 |     3 ||     9
         Scroll            |     1 |     4 ||     5
   Stab: Distracted        |     1 |     1 ||     2
         Sleeping          |       |     1 ||     1
 Armour: Robe              |    21 |     4 ||    25
         Leather armour    |       |    25 ||    25
  Dodge: Dodged            |    65 |    79 ||   144
  Block: Other             |       |    17 ||    17
